 Dungeon Crawl Stone Soup version 0.27-a0-998-g4cfe56dd59 (webtiles) character file.

Game seed: 12302507304067612271

315 vurker the Magician (level 6, -6/46 HPs)
             Began as a Djinni Air Elementalist on Apr 16, 2021.
             Mangled by an ogre
             ... wielding a +0 giant club
              (18 damage)
             ... on level 3 of the Dungeon.
             The game lasted 00:03:32 (2532 turns).

vurker the Magician (Djinni Air Elementalist)       Turns: 2532, Time: 00:03:32

Health: -6/46      AC:  2    Str:  7    XL:     6   Next: 43%
Gold:   115        EV: 12    Int: 18    God:
                   SH:  0    Dex: 14

rFire    + + .     SeeInvis .   f - +2 short sword (venom)
rCold    x . .     Faith    .   (no shield)
rNeg     . . .     Spirit   .   a - +0 robe
rPois    ∞         Reflect  .   (no helmet)
rElec    .         Harm     .   (no cloak)
rCorr    .         Rampage  .   (no gloves)
Will     .....                  (boots unavailable)
Stlth    ++........             k - amulet of regeneration
HPRegen  1.15/turn              (no ring)
MPRegen  0.00/turn              (no ring)

@: flying
A: fire resistance 2, cold vulnerability 1, float, innate caster, hp casting,
extra vitality 1
a: no special abilities


You were on level 3 of the Dungeon.
You visited 1 branch of the dungeon, and saw 4 of its levels.

You collected 115 gold pieces.

Inventory:

Hand Weapons
 f - a +2 short sword of venom (weapon)
   (You took it off a kobold on level 1 of the Dungeon)
Armour
 a - a +0 robe (worn)
Jewellery
 k - an amulet of regeneration (around neck)
   (You found it on level 2 of the Dungeon)
Scrolls
 b - a scroll of identify
 h - a scroll of teleportation
Potions
 c - a potion of degeneration {unknown}
 d - 2 potions of haste
 e - a potion of curing {unknown}
 j - a potion of flight {unknown}


   Skills:
 + Level 3.3 Fighting
 - Level 2.1 Dodging
 - Level 1.5 Stealth
 * Level 5.1 Spellcasting


You couldn't memorise any spells.
You knew the following spells:

 Your Spells              Type           Power      Damage    Failure   Level
a - Shock                 Conj/Air       92%        1d8       1%          1
b - Static Discharge      Conj/Air       23%        N/A       2%          2
c - Swiftness             Air            23%        N/A       4%          3
d - Airstrike             Air            11%        N/A       16%         4
e - Lightning Bolt        Conj/Air       11%        1d24      41%         5
f - Freeze                Ice            92%        1d10      1%          1
g - Wereblood             Tmut           23%        N/A       2%          2
Your spell library was empty.

Dungeon Overview and Level Annotations

Branches:
Dungeon (4/15)
 Temple: D:4-7

Altars:
Okawaru
Wu Jian

Shops:
D:2 *


Innate Abilities, Weirdness & Mutations

You are immune to poison.
Your flesh is very heat resistant. (rF++)
You are vulnerable to cold. (rC-)
You float through the air rather than walking.
You learn spells naturally, not from books.
Your magical power is your life essence.
You have superior vitality. (+4 HP)


Message History

The zap misses the goblin.
The endoplasm quivers.
Aim: a goblin, wielding a +0 club (severely wounded, 67% to hit)
The zap hits the goblin.
You kill the goblin!
Aim: an endoplasm (98% to hit)
The zap hits the endoplasm.
Aim: an endoplasm (severely wounded, 98% to hit)
The zap hits the endoplasm.
You kill the endoplasm!
You can't see any susceptible monsters within range! (Use Z to cast anyway.)
An endoplasm comes into view.
The endoplasm quivers.
Okay, then.
Aim: an endoplasm (98% to hit)
The zap hits the endoplasm!
You kill the endoplasm!
You can't see any susceptible monsters within range! (Use Z to cast anyway.)
You can't see any susceptible monsters within range! (Use Z to cast anyway.)
As you read the scroll labelled JOLUITZ NEESK, it crumbles to dust.
You hear a loud clanging noise!
It was a scroll of noise.
You hear a shout!
There is a stone staircase leading up here.
You fly upwards.
There is a stone staircase leading down here.
There is a stone staircase leading down here.
As you read the scroll labelled REUMOP ZEOGI, it crumbles to dust.
It is a scroll of identify.
d - 2 potions of haste
As you read the scroll labelled WEGEFOO PIN RULEO, it crumbles to dust.
You feel strangely unstable.
It was a scroll of teleportation.
Your surroundings suddenly seem different.
There is a stone staircase leading down here.
You fly downwards.
An orc wizard, an ogre and a skeleton come into view.
The ogre barely misses you.
Found 13 stones and a silvery potion.
There is a stone staircase leading up here.
The orc wizard shouts!
The ogre hits you with a +0 giant club!!
You fly upwards.
There is a stone staircase leading down here.
The zap hits the ogre.
The zap hits the ogre!
The ogre hits you with a +0 giant club!!
* * * LOW HITPOINT WARNING * * *
The zap hits the ogre.
The zap hits the ogre!
* * * LOW HITPOINT WARNING * * *
The ogre hits you with a +0 giant club!!
You die...

#.# #..##..........##......
#.# ##.####.....[......####
#)######.# #.#........#.....
#.#...##.####.#........#####.
#.............#........# ##
#........######........# ##
#.............(........#####.
#.......#######..............
##..........@O#..>.....######
##.....######..........######
#.......# ##...............
#.......# ##........######
#.......# ##########
##.....## ##...## #####


You could see an ogre.

Vanquished Creatures
  Grinder (D:3)
  An orc priest (D:3)
  An orc wizard (D:3)
  3 adders
  2 worms (D:2)
  2 dart slugs
  5 orcs (D:3)
  3 ball pythons (D:2)
  A bat (D:2)
  5 endoplasms
  2 giant cockroaches (D:2)
  5 goblins
  2 hobgoblins
  6 kobolds
  3 quokkas
  5 frilled lizards
  3 rats
50 creatures vanquished.

Notes
Turn   | Place    | Note
-------+----------+-------------------------------------------
     0 | D:1      | vurker the Djinni Air Elementalist began the quest for the
                  | Orb.
     0 | D:1      | Reached XP level 1. HP: 15/15 MP: 0/0
   429 | D:1      | Reached skill level 3 in Spellcasting
   429 | D:1      | Reached XP level 2. HP: 18/22 MP: 0/0
   682 | D:1      | Reached skill level 1 in Fighting
   944 | D:2      | Reached XP level 3. HP: 6/27 MP: 0/0
   944 | D:2      | Learned a level 1 spell: Freeze
  1203 | D:2      | Found a faded altar of an unknown god.
  1314 | D:2      | Found Vokkui's Assorted Antiques.
  1792 | D:2      | Reached XP level 4. HP: 33/33 MP: 0/0
  1930 | D:3      | Noticed Grinder
  2084 | D:3      | Found an ornate altar of the Wu Jian Council.
  2120 | D:3      | Found an iron altar of Okawaru.
  2354 | D:3      | Killed Grinder
  2355 | D:3      | Reached skill level 4 in Spellcasting
  2355 | D:3      | Reached XP level 5. HP: 40/40 MP: 0/0
  2355 | D:3      | Learned a level 2 spell: Wereblood
  2355 | D:3      | Reached XP level 6. HP: 46/46 MP: 0/0
  2364 | D:3      | Reached skill level 5 in Spellcasting
  2532 | D:3      | Mangled by an ogre

Illustrated notes

Levels and vault maps discovered:
D:1:      lightli_arrival_statuegarden, layout_rooms, serial_curves,
          eino_curves_03, eino_curves_02
D:2:      layout_basic, serial_shops, shop, basic_ecumenical_altar
D:3:      layout_rooms, grunt_temple_overflow_open, uniq_grinder
D:4:      layout_rooms

Skill      XL: |  1  2  3  4  5  6 |
---------------+-------------------+-----
Spellcasting   | 3 4 5 |  5.1
Fighting       | 1 3 |  3.3
Dodging        | |  2.1
Stealth        | |  1.5

Action                   |  1- 3 |  4- 6 || total
-------------------------+-------+-------++-------
Melee: Short sword       |     2 |     2 ||     4
 Cast: Shock             |    63 |    49 ||   112
  Use: Scroll            |       |     3 ||     3
       Potion            |       |     2 ||     2
Armor: Robe              |     2 |     1 ||     3
Dodge: Dodged            |     8 |     4 ||    12

Table legend: (Time is in decaauts)
 A = Elapsed time spent in this place.
 B = Non-inter-level travel time spent in this place.
 C = Inter-level travel time spent in this place.
 D = Time resting spent in this place.
 E = Time spent auto-exploring this place.
 F = Levels seen in this place.
 G = Mean time per level.
                   A        B        C        D        E       F      G
               +--------+--------+--------+--------+--------+-----+--------+
         Total |   2548 |   2422 |    126 |    127 |   2020 |   4 |  637.0 |
       Dungeon |   2548 |   2422 |    126 |    127 |   2020 |   4 |  637.0 |
               +--------+--------+--------+--------+--------+-----+--------+

Top non-repeatable levels by time:
     D:2: 1076 daAuts
     D:1: 836 daAuts
     D:3: 617 daAuts
     D:4: 17 daAuts
